 Dungeon Crawl Stone Soup version 0.29.1 (webtiles) character file.

Game seed: 9146422766947632083

11027 qw the Cleaver (level 11, -5/71 HPs)
             Began as a Gargoyle Fighter on Sept 13, 2022.
             Was an Elder of Okawaru.
             Slain by a boulder beetle (47 damage)
             ... on level 11 of the Dungeon.
             The game lasted 00:03:53 (9962 turns).

qw the Cleaver (Gargoyle Fighter)                   Turns: 9962, Time: 00:03:53

Health: -5/71      AC: 29    Str: 31    XL:     11   Next: 71%
Magic:  16/17      EV: 11    Int:  9    God:    Okawaru [****..]
Gold:   758        SH:  8    Dex: 12    Spells: 10/10 levels left

rFire   . . .      SeeInvis .   Y - +0 broad axe
rCold   + . .      Faith    .   i - +2 buckler
rNeg    + + .      Spirit   .   s - +1 chain mail "Kaplacvi" {Str+7 Dex+3}
rPois   inf        Reflect  .   a - +2 hat of Duken {*Slow rElec rPois Will++}
rElec   +          Harm     .   e - +2 cloak
rCorr   .          Rampage  .   f - +1 pair of gloves
Will    ++...                   (no boots)
Stlth   ..........              p - amulet of regeneration
HPRegen 1.01/turn               k - ring of positive energy
MPRegen 0.15/turn               x - ring of protection from cold

@: heroic
A: sickness immunity, AC +8, negative energy resistance 1, electricity
resistance, torment resistance 1, petrification resistance
a: Renounce Religion, Heroism, Finesse


You were on level 11 of the Dungeon.
You worshipped Okawaru.
Okawaru was greatly pleased with you.
You visited 2 branches of the dungeon, and saw 12 of its levels.

You collected 758 gold pieces.


Innate Abilities, Weirdness & Mutations

You are immune to sickness and miasma.
Your stone body is resilient. (AC +8)
You are immune to poison.
You resist negative energy. (rN+)
You are resistant to electric shocks. (rElec)
You are resistant to unholy torment.
You are immune to petrification.


   Skills:
 - Level 9.0(14.0) Fighting
 + Level 11.4(16.4) Axes
 - Level 3.1(8.1) Throwing
 - Level 6.0(11.0) Armour
 - Level 2.0(7.0) Dodging
 - Level 5.8(10.8) Shields
 + Level 8.8 Invocations


You had 10 spell levels left.
You didn't know any spells.
Your spell library was empty.

Inventory:

Hand Weapons
 u - a +0 demon whip of venom
 Y - a +0 broad axe (weapon)
Missiles
 l - 7 boomerangs
 n - 3 javelins (quivered)
Armour
 a - the +2 hat of Duken (worn) {*Slow rElec rPois Will++}
   (You acquired it on level 1 of the Dungeon)

   rElec:     It insulates you from electricity.
   rPois:     It protects you from poison.
   *Slow:     It may slow you when you take damage.
   Will:      It greatly increases your willpower.
 e - a +2 cloak (worn)
 f - a +1 pair of gloves (worn)
 i - a +2 buckler (worn)
 s - the +1 chain mail "Kaplacvi" (worn) {Str+7 Dex+3}
   (You found it on level 5 of the Dungeon)

   Str:       It affects your strength (+7).
   Dex:       It affects your dexterity (+3).
 t - +0 acid dragon scales
Jewellery
 k - a ring of positive energy (left hand)
 p - an amulet of regeneration (around neck)
 v - a ring of fire
 x - a ring of protection from cold (right hand)
Scrolls
 b - 3 scrolls of identify
 h - a scroll of blinking
 m - 2 scrolls of fog
Potions
 c - 3 potions of attraction
 d - a potion of might
 g - 2 potions of haste
 j - 2 potions of curing
 o - 2 potions of heal wounds
 q - a potion of magic
 r - 3 potions of lignification

Dungeon Overview and Level Annotations

Branches:
Dungeon (11/15)            Temple (1/1) D:4             Orc (0/2) D:9
   Lair: D:8-11

Altars:
Ashenzari
Cheibriados
Dithmenos
Elyvilon
Fedhas
Gozag
Hepliaklqana
Kikubaaqudgha
Makhleb
Nemelex Xobeh
Okawaru
Qazlal
Ru
Sif Muna
Trog
Uskayaw
Vehumet
Wu Jian
Xom
Yredelemnul
Zin
The Shining One

Shops:
D:10 [

Annotations:
D:5 2 transporters, qw's ghost, weakling GrDe


Message History

The boulder beetle is heavily wounded.
The boulder beetle closely misses you.
You hit the boulder beetle but do no damage.
The boulder beetle is heavily wounded.
You block the boulder beetle's attack.
You slash the boulder beetle!
The boulder beetle is heavily wounded.
You hit the boulder beetle.
The boulder beetle is heavily wounded.
You feel like a meek peon again. The boulder beetle bites you.
9954 ||| INVOKING Heroism.
You gain the combat prowess of a mighty hero.
The boulder beetle closely misses you.
You hit the boulder beetle but do no damage.
The boulder beetle is heavily wounded.
The boulder beetle closely misses you.
You hit the boulder beetle but do no damage.
The boulder beetle is heavily wounded.
The boulder beetle bites you!
9957 ||| DRINKING 3 potions of heal wounds.
You feel much better.
The boulder beetle leaps!
You slice the troll!!
The troll is severely wounded.
The troll barely misses you. x2; The troll claws you but does no damage.
The boulder beetle curls into a ball and begins rolling!
You slash the troll!
You kill the troll!
Okawaru accepts your kill.
Throw: 4 javelins
Press: ? - help, Q - select action, (/) - cycle Shift-Dir - straight line, f/p - boulder beetle You throw a javelin.
The javelin pierces through the boulder beetle but does no damage.
The boulder beetle is heavily wounded.
You slash the boulder beetle!
The boulder beetle is severely wounded.
The boulder beetle hits you!!!
Ouch! That really hurt!
You die...

#...#... ......##
#..#... #..#..####
#### #.........
...###..#.....
#..##.(...#
#..##....%##########.(
#..##.###(.00B@.$....(
#..##.#}#.##########.#
###..#..###.#
............#
###..######## .....#
###..# #..# #..#


You could see a boulder beetle (rolling).

Vanquished Creatures
  A boulder beetle (D:11)
  Erica (D:9)
  Amaemon (D:8)
  Pikel (D:7)
  Joseph (D:7)
  An orange demon (D:8)
  Maggie (D:9)
  3 trolls
  A hornet (D:10)
  Prince Ribbit (D:9)
  A shadow (D:6)
  A wraith (D:10)
  14 yaks
  A wyvern (D:10)
  Menkaure (D:7)
  An acid dragon (D:10)
  7 orc warriors
  2 water moccasins
  An ice beast (D:5)
  2 sky beasts
  2 centaurs
  3 ogres
  3 lemures (D:7)
  Blork the orc (D:6)
  2 kobold brigands
  6 scorpions
  5 bullfrogs
  A gnoll sergeant (D:6)
  11 killer bees
  A howler monkey (D:10)
  4 electric eels (D:9)
  8 hounds
  2 jellies
  7 orc priests
  An iguana (D:6)
  14 orc wizards
  7 gnolls
  7 adders
  A white imp (D:6)
  3 ufetubi
  4 worms
  5 dart slugs
  40 orcs
  6 ball pythons
  4 endoplasms
  6 giant cockroaches
  11 goblins
  7 hobgoblins
  2 jackals (D:4)
  20 kobolds
  5 quokkas
  A frilled lizard (D:1)
  5 rats
248 creatures vanquished.

Notes
Turn   | Place    | Note
-------+----------+-------------------------------------------
     0 | D:1      | qw the Gargoyle Fighter began the quest for the Orb.
     0 | D:1      | Reached XP level 1. HP: 14/14 MP: 1/1
     0 | D:1      | 0 ||| qw: Version: 0.1-a-119-g272c26d
     0 | D:1      | 0 ||| qw: Game counter: 11158
     0 | D:1      | 0 ||| qw: Always use a shield: true
     0 | D:1      | 0 ||| qw: God list: Okawaru
     0 | D:1      | 0 ||| qw: Allow faded altars: false
     0 | D:1      | 0 ||| qw: Do Orc after D:15 true
     0 | D:1      | 0 ||| qw: Do second Lair branch before Depths: true
     0 | D:1      | 0 ||| qw: Lair rune preference: random
     0 | D:1      | 0 ||| qw: Plans: Normal, Zot, God:TSO, Crypt, Tomb, Pan,
                  | Slime, Hells, Zig, Abyss, Orb
     0 | D:1      | 0 ||| PLANNING D:1-11
   115 | D:1      | Reached skill level 2 in Axes
   115 | D:1      | 115 ||| DROPPING +0 club.
   133 | D:1      | Reached XP level 2. HP: 18/19 MP: 2/2
   147 | D:1      | 147 ||| Stepping ~*~*~tactically~*~*~ (stealth).
   150 | D:1      | 150 ||| Stepping ~*~*~tactically~*~*~ (stealth).
   151 | D:1      | 151 ||| Stepping ~*~*~tactically~*~*~ (stealth).
   214 | D:1      | Found a faded altar of an unknown god.
   269 | D:1      | 269 ||| Stepping ~*~*~tactically~*~*~ (stealth).
   723 | D:1      | 723 ||| UPGRADING to +0 plate armour.
   733 | D:1      | 733 ||| DROPPING +0 scale mail.
   734 | D:1      | 734 ||| READING scroll labelled ITEUSI SUPI.
   735 | D:1      | 735 ||| READING scroll labelled XANAGIE KAUG.
   736 | D:1      | 736 ||| READING scroll labelled MOEFENEGIPP.
   736 | D:1      | Identified a scroll of acquirement
   736 | D:1      | 736 ||| ACQUIRING +2 hat of Duken {*Slow rElec rPois
                  | Will++}
   736 | D:1      | Acquired the +2 hat of Duken {*Slow rElec rPois Will++}
   738 | D:1      | 738 ||| UPGRADING to +2 hat of Duken {*Slow rElec rPois
                  | Will++}.
   743 | D:1      | 743 ||| READING scroll labelled DELECH ZACHUC.
   756 | D:2      | Reached skill level 3 in Axes
   759 | D:2      | Reached XP level 3. HP: 23/23 MP: 3/3
   863 | D:2      | 863 ||| FLEEEEING.
   864 | D:2      | 864 ||| FLEEEEING.
   868 | D:2      | 868 ||| FLEEEEING.
   869 | D:2      | 869 ||| FLEEEEING.
   870 | D:2      | 870 ||| FLEEEEING.
   871 | D:2      | 871 ||| FLEEEEING.
   877 | D:2      | 877 ||| FLEEEEING.
   878 | D:2      | 878 ||| FLEEEEING.
   879 | D:2      | 879 ||| STAIRDANCE
   994 | D:2      | 994 ||| Stepping ~*~*~tactically~*~*~ (stealth).
  1072 | D:2      | 1072 ||| Stepping ~*~*~tactically~*~*~ (stealth).
  1077 | D:2      | 1077 ||| Stepping ~*~*~tactically~*~*~ (stealth).
  1158 | D:2      | 1158 ||| Stepping ~*~*~tactically~*~*~ (stealth).
  1419 | D:2      | 1419 ||| FLEEEEING.
  1420 | D:2      | 1420 ||| FLEEEEING.
  1595 | D:2      | 1595 ||| DROPPING amulet of magic regeneration.
  1596 | D:2      | 1596 ||| READING scroll labelled COXZES JIMISSO.
  1597 | D:2      | 1597 ||| READING scroll labelled OLACUY IWANO.
  1598 | D:2      | 1598 ||| READING 2 scrolls labelled BAPNUKLUSH.
  1599 | D:2      | 1599 ||| DRINKING 2 fizzy amethyst potions.
  1813 | D:3      | Reached XP level 4. HP: 25/28 MP: 4/4
  1817 | D:3      | Reached skill level 4 in Axes
  1875 | D:3      | Found a stormy altar of Qazlal.
  2554 | D:3      | 2554 ||| Stepping ~*~*~tactically~*~*~ (hiding).
  2568 | D:3      | 2568 ||| DROPPING +0 mace.
  2623 | D:3      | 2623 ||| Stepping ~*~*~tactically~*~*~ (stealth).
  2626 | D:3      | 2626 ||| Stepping ~*~*~tactically~*~*~ (stealth).
  2627 | D:3      | 2627 ||| Stepping ~*~*~tactically~*~*~ (stealth).
  2628 | D:3      | 2628 ||| Stepping ~*~*~tactically~*~*~ (stealth).
  2629 | D:3      | 2629 ||| Stepping ~*~*~tactically~*~*~ (stealth).
  2635 | D:3      | 2635 ||| Stepping ~*~*~tactically~*~*~ (stealth).
  2636 | D:3      | 2636 ||| Stepping ~*~*~tactically~*~*~ (stealth).
  2970 | D:3      | 2970 ||| UPGRADING to +0 cloak.
  2975 | D:3      | 2975 ||| DROPPING orb of light.
  2976 | D:3      | 2976 ||| READING scroll labelled ZETOOR XOFOGYA.
  2979 | D:3      | 2979 ||| READING scroll labelled PAFAG MUNNY.
  2980 | D:3      | 2980 ||| READING 2 scrolls of identify.
  2980 | D:3      | 2980 ||| IDENTIFYING fizzy ruby potion
  3004 | D:4      | Noticed an ogre
  3009 | D:4      | HP: 6/28 [ogre/+0 giant club (22)]
  3010 | D:4      | Killed an ogre
  3011 | D:4      | Reached skill level 5 in Axes
  3011 | D:4      | Reached XP level 5. HP: 7/32 MP: 5/5
  3288 | D:4      | Reached XP level 6. HP: 32/38 MP: 6/6
  3347 | D:4      | Found a staircase to the Ecumenical Temple.
  3348 | D:4      | 3348 ||| PLANNING TEMPLE
  3348 | D:4      | 3348 ||| UPGRADING to +0 pair of gloves.
  3365 | Temple   | Entered the Ecumenical Temple
  3527 | Temple   | 3527 ||| PLANNING D:1-11
  3552 | Temple   | Became a worshipper of Warmaster Okawaru
  4180 | D:4      | 4180 ||| READING scroll labelled SOCUF JEJEIBYJO.
  4243 | D:4      | 4243 ||| DRINKING 2 clear potions.
  4265 | D:5      | Entered Level 5 of the Dungeon
  4266 | D:5      | 4266 ||| PLANNING SEWER
  4276 | D:5      | Reached skill level 6 in Axes
  4328 | D:5      | Reached XP level 7. HP: 43/43 MP: 7/7
  4412 | D:5      | Reached * piety under Okawaru
  4505 | D:5      | 4505 ||| Stepping ~*~*~tactically~*~*~ (stealth).
  4522 | D:5      | Reached skill level 1 in Invocations
  4526 | D:5      | Found a transporter.
  4526 | D:5      | Noticed qw's ghost (weakling GrDe)
  4553 | D:5      | 4553 ||| INVOKING Heroism.
  4608 | D:5      | Reached skill level 7 in Axes
  4620 | D:5      | Reached XP level 8. HP: 48/48 MP: 8/10
  4641 | D:5      | Identified the +2 short sword of Seih {venom, rF+ Int+4}
  4645 | D:5      | Found a broken altar of Ashenzari.
  4793 | D:5      | Found a transporter.
  4806 | D:5      | 4806 ||| INVOKING Heroism.
  4809 | D:5      | Reached skill level 3 in Invocations
  4837 | D:5      | Identified the +5 ring mail of the Lost Path {rPois Will-
                  | Dex+7}
  4923 | D:5      | 4923 ||| RIP SEWER
  4928 | D:5      | 4928 ||| PLANNING D:1-11
  4928 | D:5      | 4928 ||| Stepping ~*~*~tactically~*~*~ (stealth).
  4971 | D:5      | Reached skill level 1 in Dodging
  5124 | D:5      | Identified the +1 chain mail "Kaplacvi" {Str+7 Dex+3}
  5509 | D:5      | 5509 ||| UPGRADING to +2 buckler.
  5519 | D:5      | 5519 ||| DROPPING +0 buckler.
  5520 | D:5      | 5520 ||| UPGRADING to +1 chain mail "Kaplacvi" {Str+7
                  | Dex+3}.
  5530 | D:5      | 5530 ||| DROPPING +0 plate armour.
  5531 | D:5      | 5531 ||| READING scroll labelled PANOSA RASOENO.
  5532 | D:5      | 5532 ||| READING scroll labelled VOTRANTUPRI.
  5533 | D:5      | 5533 ||| DRINKING 2 emerald potions.
  5678 | D:6      | 5678 ||| Stepping ~*~*~tactically~*~*~ (hiding).
  5682 | D:6      | 5682 ||| Stepping ~*~*~tactically~*~*~ (hiding).
  5683 | D:6      | 5683 ||| Stepping ~*~*~tactically~*~*~ (hiding).
  5689 | D:6      | 5689 ||| INVOKING Heroism.
  5694 | D:6      | 5694 ||| Stepping ~*~*~tactically~*~*~ (stealth).
  5696 | D:6      | Reached skill level 1 in Throwing
  5734 | D:6      | 5734 ||| INVOKING Heroism.
  5803 | D:6      | 5803 ||| Stepping ~*~*~tactically~*~*~ (stealth).
  5807 | D:6      | 5807 ||| Stepping ~*~*~tactically~*~*~ (hiding).
  5817 | D:6      | 5817 ||| INVOKING Heroism.
  5824 | D:6      | HP: 12/49 [gnoll sergeant/+0 trident of protection (3)]
  5825 | D:6      | 5825 ||| READING scroll of teleportation.
  5826 | D:6      | 5826 ||| DRINKING potion of heal wounds.
  5976 | D:6      | 5976 ||| DROPPING +0 whip of flaming.
  5982 | D:6      | Noticed Blork the orc
  5983 | D:6      | 5983 ||| Stepping ~*~*~tactically~*~*~ (hiding).
  5985 | D:6      | 5985 ||| Stepping ~*~*~tactically~*~*~ (hiding).
  5988 | D:6      | 5988 ||| INVOKING Heroism.
  5994 | D:6      | Killed Blork the orc
  5995 | D:6      | Reached skill level 8 in Axes
  6034 | D:6      | 6034 ||| INVOKING Heroism.
  6042 | D:6      | Reached ** piety under Okawaru
  6084 | D:6      | Noticed a shadow
  6089 | D:6      | Killed a shadow
  6090 | D:6      | Reached skill level 6 in Fighting
  6090 | D:6      | Reached XP level 9. HP: 54/56 MP: 12/12
  6103 | D:6      | Found a shadowy altar of Dithmenos.
  6104 | D:6      | Found a hazy altar of Hepliaklqana.
  6586 | D:6      | 6586 ||| READING scroll of enchant weapon.
  6586 | D:6      | 6586 ||| ENCHANTING +1 war axe.
  6664 | D:6      | 6664 ||| UPGRADING to +2 cloak.
  6674 | D:6      | 6674 ||| DROPPING +0 cloak.
  6675 | D:6      | 6675 ||| DROPPING amulet of guardian spirit.
  6676 | D:6      | 6676 ||| UPGRADING to amulet of regeneration.
  6681 | D:6      | 6681 ||| UPGRADING to ring of positive energy.
  6682 | D:6      | 6682 ||| DRINKING 2 viscous orange potions.
  6745 | D:7      | 6745 ||| Stepping ~*~*~tactically~*~*~ (stealth).
  6751 | D:7      | 6751 ||| INVOKING Heroism.
  6879 | D:7      | 6879 ||| INVOKING Heroism.
  6885 | D:7      | Reached skill level 9 in Axes
  6902 | D:7      | 6902 ||| Stepping ~*~*~tactically~*~*~ (stealth).
  6934 | D:7      | Noticed Menkaure
  6935 | D:7      | 6935 ||| INVOKING Heroism.
  6941 | D:7      | Killed Menkaure
  7090 | D:7      | 7090 ||| Stepping ~*~*~tactically~*~*~ (stealth).
  7090 | D:7      | Noticed Joseph
  7091 | D:7      | 7091 ||| Stepping ~*~*~tactically~*~*~ (hiding).
  7098 | D:7      | 7098 ||| INVOKING Heroism.
  7105 | D:7      | Noticed Pikel
  7117 | D:7      | Killed Joseph
  7121 | D:7      | 7121 ||| INVOKING Heroism.
  7128 | D:7      | Killed Pikel
  7128 | D:7      | Reached *** piety under Okawaru
  7129 | D:7      | Reached XP level 10. HP: 46/63 MP: 10/13
  7410 | D:7      | 7410 ||| READING 2 scrolls of identify.
  7410 | D:7      | 7410 ||| IDENTIFYING murky puce potion
  7455 | D:8      | Reached skill level 10 in Axes
  7458 | D:8      | 7458 ||| INVOKING Heroism.
  7571 | D:8      | 7571 ||| INVOKING Heroism.
  7599 | D:8      | 7599 ||| Stepping ~*~*~tactically~*~*~ (stealth).
  7604 | D:8      | Noticed an orange demon
  7605 | D:8      | 7605 ||| Stepping ~*~*~tactically~*~*~ (hiding).
  7606 | D:8      | 7606 ||| Stepping ~*~*~tactically~*~*~ (hiding).
  7612 | D:8      | Killed an orange demon
  7618 | D:8      | Noticed Amaemon
  7619 | D:8      | 7619 ||| Stepping ~*~*~tactically~*~*~ (stealth).
  7620 | D:8      | 7620 ||| Stepping ~*~*~tactically~*~*~ (stealth).
  7622 | D:8      | 7622 ||| INVOKING Heroism.
  7643 | D:8      | Killed Amaemon
  7652 | D:8      | 7652 ||| DROPPING +0 flail.
  7653 | D:8      | 7653 ||| Stepping ~*~*~tactically~*~*~ (stealth).
  7666 | D:8      | 7666 ||| READING scroll of enchant weapon.
  7666 | D:8      | 7666 ||| ENCHANTING +2 war axe.
  7681 | D:8      | 7681 ||| Stepping ~*~*~tactically~*~*~ (stealth).
  7692 | D:8      | 7692 ||| Stepping ~*~*~tactically~*~*~ (stealth).
  7696 | D:8      | 7696 ||| INVOKING Heroism.
  7703 | D:8      | 7703 ||| Stepping ~*~*~tactically~*~*~ (stealth).
  7706 | D:8      | Reached **** piety under Okawaru
  7758 | D:8      | Received a gift from Okawaru
  7804 | D:8      | 7804 ||| INVOKING Heroism.
  7946 | D:8      | Identified the +10 dagger "Lifebane" {venom, Str+3}
  8221 | D:8      | 8221 ||| READING scroll labelled REWYTTIPRI.
  8274 | D:9      | Noticed Maggie
  8277 | D:9      | Noticed Prince Ribbit
  8281 | D:9      | 8281 ||| INVOKING Heroism.
  8284 | D:9      | Killed Maggie
  8289 | D:9      | Killed Prince Ribbit
  8294 | D:9      | 8294 ||| FLEEEEING.
  8295 | D:9      | 8295 ||| FLEEEEING.
  8296 | D:9      | 8296 ||| FLEEEEING.
  8297 | D:9      | 8297 ||| FLEEEEING.
  8303 | D:9      | 8303 ||| STAIRDANCE
  8310 | D:8      | Reached skill level 6 in Invocations
  8310 | D:8      | Reached XP level 11. HP: 41/68 MP: 15/15
  8413 | D:9      | 8413 ||| SWAPPING to +0 broad axe.
  8414 | D:9      | 8414 ||| DROPPING +3 war axe.
  8429 | D:9      | 8429 ||| Stepping ~*~*~tactically~*~*~ (hiding).
  8579 | D:9      | 8579 ||| INVOKING Heroism.
  8601 | D:9      | 8601 ||| Stepping ~*~*~tactically~*~*~ (stealth).
  8605 | D:9      | Reached skill level 3 in Throwing
  8615 | D:9      | 8615 ||| INVOKING Heroism.
  8635 | D:9      | Received a gift from Okawaru
  8686 | D:9      | 8686 ||| INVOKING Heroism.
  8697 | D:9      | Reached skill level 11 in Axes
  8710 | D:9      | Found a staircase to the Orcish Mines.
  8777 | D:9      | 8777 ||| READING scroll of enchant armour.
  8777 | D:9      | 8777 ||| ENCHANTING +0 pair of gloves.
  8791 | D:9      | 8791 ||| Stepping ~*~*~tactically~*~*~ (stealth).
  8793 | D:9      | 8793 ||| INVOKING Heroism.
  8800 | D:9      | Reached skill level 6 in Armour
  8827 | D:9      | Noticed Erica
  8828 | D:9      | 8828 ||| INVOKING Heroism.
  8840 | D:9      | Killed Erica
  8955 | D:9      | 8955 ||| INVOKING Heroism.
  9008 | D:9      | Received a gift from Okawaru
  9054 | D:9      | 9054 ||| INVOKING Heroism.
  9149 | D:10     | Entered Level 10 of the Dungeon
  9199 | D:10     | 9199 ||| INVOKING Heroism.
  9204 | D:10     | Reached skill level 9 in Fighting
  9237 | D:10     | Found a bloodstained altar of Trog.
  9341 | D:10     | 9341 ||| INVOKING Heroism.
  9396 | D:10     | 9396 ||| Stepping ~*~*~tactically~*~*~ (stealth).
  9398 | D:10     | 9398 ||| Stepping ~*~*~tactically~*~*~ (stealth).
  9399 | D:10     | Received a gift from Okawaru
  9402 | D:10     | Found Cuvueze's Antique Armour Shoppe.
  9408 | D:10     | 9408 ||| INVOKING Heroism.
  9430 | D:10     | 9430 ||| SHOPLISTING spiked shadow dragon scales (2720
                  | gold, have 702).
  9702 | D:10     | 9702 ||| INVOKING Heroism.
  9846 | D:10     | 9846 ||| UPGRADING to ring of protection from cold.
  9847 | D:10     | 9847 ||| READING scroll labelled QIUJOXAREMI.
  9911 | D:11     | Noticed a boulder beetle
  9912 | D:11     | 9912 ||| INVOKING Heroism.
  9927 | D:11     | Killed a boulder beetle
  9938 | D:11     | Noticed a boulder beetle
  9954 | D:11     | 9954 ||| INVOKING Heroism.
  9956 | D:11     | HP: 14/71 [boulder beetle (10)]
  9957 | D:11     | 9957 ||| DRINKING 3 potions of heal wounds.
  9962 | D:11     | Slain by a boulder beetle

Levels and vault maps discovered:
D:1:      eino_arrival_water_cross, layout_basic,
          hellmonk_ecumenical_altar_lost_god, corexii_item_surrounded_by_moat,
          glass_columns_b, minmay_pentomino_o2
D:2:      layout_rooms
D:3:      layout_basic, mainiacjoe_overflow_brackets, hex_tiny,
          minmay_starry_boxes
D:4:      layout_basic, temple_statues
D:5:      layout_gridville, marbit_many_paths, gup_sewer_entry_spiral,
          gammafunk_ghost_mausoleum
D:6:      layout_basic, riverfiend_overflow_shadow_ancestor, uniq_blork_the_orc
D:7:      layout_loops_ring, uniq_menkaure, uniq_joseph, uniq_pikel
D:8:      layout_rooms, serial_rivers, chequers_serial_rivers_large_a,
          chequers_serial_rivers_micro_e, chequers_serial_rivers_micro_d,
          chequers_serial_rivers_micro_c, kennysheep_crisscross, minivault_19,
          minmay_misc_feat_more_columns, uniq_amaemon
D:9:      layout_rooms, erik_orc_2, uniq_erica, uniq_maggie, uniq_prince_ribbit1
D:10:     layout_big_octagon, mainiacjoe_overflow_alcove_1, serial_shops,
          nicolae_shop_trees, hangedman_decor_slide_cut
D:11:     layout_loops_ring, lair_entry_dummy, enter_trove_1, feat_on_display,
          uniq_harold, uniq_fannar
Temple:   nicolae_temple_bog_church

Skill      XL: |  1  2  3  4  5  6  7  8  9 10 11 |
---------------+----------------------------------+-----
Axes           | 2 3 5 6 7 8 9 10 11 | 11.4
Fighting       | 4 6 7 8 9 |  9.0
Armour         | 4 5 6 |  6.0
Invocations    | 2 4 6 8 |  8.8
Dodging        | 1 2 |  2.0
Throwing       | 1 2 3 |  3.1
Shields        | 4 5 |  5.8

Action                   |  1- 3 |  4- 6 |  7- 9 | 10-12 || total
-------------------------+-------+-------+-------+-------++-------
Melee: War axe           |   124 |    93 |   292 |   128 ||   637
       Broad axe         |       |       |       |   140 ||   140
Throw: Boomerang         |     9 |    38 |    47 |    18 ||   112
       Javelin           |       |       |       |    29 ||    29
Invok: Heroism           |       |       |    12 |    19 ||    31
  Use: Scroll            |     7 |     4 |     4 |     5 ||    20
       Potion            |     1 |     1 |     3 |     1 ||     6
Armor: Scale mail        |    23 |       |       |       ||    23
       Plate armour      |    59 |    65 |   104 |       ||   228
       Chain mail        |       |       |    60 |   144 ||   204
Dodge: Dodged            |    50 |    18 |    90 |    95 ||   253
Block: Buckler           |    22 |    21 |    63 |    88 ||   194

Table legend:
 A = Non-vault XP
 B = Vault XP
 C = Vault XP percentage of total XP
 D = Non-vault monster count
 E = Vault monster count
 F = Vault count percentage of total count
                 A         B        C        D         E       F
            +---------+---------+-------+---------+---------+-------
      Total |   10775 |    4978 |  31.6 |     204 |      41 |  16.7
            +---------+---------+-------+---------+---------+-------
        D:1 |      23 |       6 |  20.7 |      13 |       2 |  13.3
        D:2 |      39 |       0 |   0.0 |      17 |       0 |   0.0
        D:3 |      71 |      21 |  22.8 |      21 |       3 |  12.5
        D:4 |     273 |       0 |   0.0 |      13 |       0 |   0.0
        D:5 |     995 |     149 |  13.0 |      27 |       8 |  22.9
        D:6 |    1165 |     100 |   7.9 |      20 |       1 |   4.8
        D:7 |     796 |    1257 |  61.2 |      20 |       3 |  13.0
        D:8 |    2470 |    1184 |  32.4 |      37 |       2 |   5.1
        D:9 |    1869 |    2261 |  54.7 |      21 |      22 |  51.2
       D:10 |    1908 |       0 |   0.0 |      13 |       0 |   0.0
       D:11 |    1166 |       0 |   0.0 |       2 |       0 |   0.0
            +---------+---------+-------+---------+---------+-------
